 Dungeon Crawl Stone Soup version 0.23.2-40-g277498a001 (webtiles) character file.

Game seed: 4971082284566752442

2299 Jazzman the Basher (level 9, -1/78 HPs)
             Began as a Minotaur Fighter on Sept 29, 2019.
             Was a Believer of Makhleb.
             Killed from afar by a gargoyle (27 damage)
             ... with a stone arrow
             ... on level 11 of the Dungeon.
             The game lasted 00:55:58 (7648 turns).

Jazzman the Basher (Minotaur Fighter)               Turns: 7648, Time: 00:55:58

Health: -1/78      AC: 14    Str: 27    XL:     9   Next: 17%
Magic:  8/8        EV:  6    Int:  5    God:    Makhleb [**....]
Gold:   410        SH: 11    Dex: 10    Spells: 8/8 levels left

rFire    . . .     SeeInvis .   P - +2 mace (drain)
rCold    . . .     Gourm    .   c - +0 shield
rNeg     . . .     Faith    .   K - +0 plate armour
rPois    .         Spirit   .   (helmet restricted)
rElec    .         Reflect  .   v - +0 cloak
rCorr    .         Harm     .   (no gloves)
MR       +....                  (no boots)
Stlth    ..........             (no amulet)
HPRegen  0.23/turn              x - ring of protection from magic
MPRegen  0.11/turn              I - +3 ring of strength

@: about to teleport
A: retaliatory headbutt, horns 2
a: Minor Destruction, Renounce Religion


You were on level 11 of the Dungeon.
You worshipped Makhleb.
Makhleb was pleased with you.
You were very hungry.

You visited 1 branch of the dungeon, and saw 9 of its levels.

You collected 410 gold pieces.

Inventory:

Hand Weapons
 a - a +0 long sword
 k - a +2 halberd
 P - a +2 mace of draining (weapon)
Missiles
 m - 155 stones (quivered)
 z - 42 bolts
 A - 9 tomahawks
 B - 80 sling bullets
 F - 4 steel tomahawks
 Q - 121 arrows
Armour
 c - a +0 shield (worn)
 n - a +0 scale mail
 o - a +0 cloak
 r - a +0 chain mail
 s - a +0 chain mail
 v - a +0 cloak (worn)
 D - a +0 troll leather armour
 K - a +0 plate armour (worn)
Magical Staves
 b - an uncursed staff of summoning {unknown}
Jewellery
 x - a ring of protection from magic (left hand)
 y - an uncursed ring of fire
 I - a +3 ring of strength (right hand)
Wands
 e - a wand of acid (5)
Scrolls
 d - 7 scrolls of teleportation
 h - a scroll of identify
 i - a scroll of magic mapping
 l - 3 scrolls of amnesia
 E - 2 scrolls of random uselessness {unknown}
 G - 2 scrolls of enchant weapon
 H - 2 scrolls of remove curse
Potions
 j - a potion of ambrosia {unknown}
 p - 2 potions of lignification {unknown}
 q - 2 potions of resistance {unknown}
 t - 2 potions of degeneration {unknown}
 u - 4 potions of agility {unknown}
 w - 5 potions of curing {unknown}
 C - 4 potions of heal wounds {unknown}
 J - a potion of cancellation {unknown}
 L - a potion of magic {unknown}
 N - a potion of berserk rage {unknown}
 R - a potion of invisibility {unknown}
Comestibles
 f - 11 rations


   Skills:
 * Level 6.8 Fighting
 - Level 5.2 Long Blades
 * Level 8.3 Maces & Flails
 * Level 7.5 Armour
 + Level 1.6 Dodging
 - Level 2.0 Stealth
 + Level 6.6 Shields


You had 8 spell levels left.
You didn't know any spells.
Your spell library contained the following spells:

 Spells                   Type           Power        Failure   Level  Hunger
 Confusing Touch          Hex            #.....       100%        1    ##.....
 Confuse                  Hex            #.......     100%        3    ####...
 Gell's Gravitas          Tloc           #.........   100%        3    ####...
 Petrify                  Tmut/Erth      #.......     100%        4    #####..
 Metabolic Englaciation   Hex/Ice        #.........   100%        5    ######.
 Yara's Violent Unravell  Hex/Tmut       #.........   100%        5    ######.


Dungeon Overview and Level Annotations

Branches:
Dungeon (8/15)             Temple (0/1) D:5
   Lair: D:8-11

Altars:
Dithmenos
Makhleb
Nemelex Xobeh
Wu Jian


Innate Abilities, Weirdness & Mutations

You reflexively headbutt those who attack you in melee.
You have a pair of horns on your head.


Message History

The stone arrow hits you!
You hit the gargoyle but do no damage.
The gargoyle hits you with a +0 morningstar!
You closely miss the gargoyle.
The gargoyle hurls a stone arrow at you.
The stone arrow hits you.
You barely miss the gargoyle. You headbutt the gargoyle.
The gargoyle is lightly damaged.
The gargoyle hurls a stone arrow at you.
The stone arrow hits you!!
As you read the scroll of fear, it crumbles to dust.
You assume a fearsome visage.
The gargoyle is unaffected.
You block the gargoyle's attack.
As you read the scroll of teleportation, it crumbles to dust.
You feel strangely unstable. You block the gargoyle's attack.
The gargoyle hits you with a +0 morningstar.
There is an open door, spattered with blood here.
The gargoyle hurls a stone arrow at you.
The stone arrow hits you!!
You die...

######'#### **,
#...# **>,
#####'### *,,*
#.......# *,**
#.......#** *,*
#.......+,******+**
#.......#,,,**,,,,,
#.......#**,**,,<,,
#.@.....# *,,+,,,,,
#.......# ****,,,,,
##9###### *****+
#.....# *, #####.#
** *,* *
******+**** ***
*,,,,,,,,,* ***,,
*,,,,,,,,,* ***,+,,


You could see a gargoyle.

Vanquished Creatures
  A troll (D:11)
  Grinder (D:5)
  An ice beast (D:5)
  A sky beast (D:4)
  An orc warrior (D:6)
  A phantom (D:5)
  A necrophage (D:5)
  A crocodile (D:7)
  A big kobold (D:7)
  3 bullfrogs
  A water moccasin skeleton (D:5)
  A scorpion (D:6)
  3 wights (D:7)
  A howler monkey (D:4)
  3 crimson imps
  4 hounds
  An orc priest (D:5)
  A bullfrog skeleton (D:5)
  5 orc wizards
  4 worker ants
  An iguana (D:5)
  2 hound skeletons
  A worker ant zombie (D:6)
  Robin (D:3)
  6 adders
  4 shadow imps
  An ooze (D:2)
  An adder skeleton (D:6)
  5 worms
  A dart slug (D:2)
  3 leopard geckos
  14 orcs
  9 giant cockroaches
  12 goblins
  14 hobgoblins
  13 jackals
  5 quokkas
  2 ball pythons
  A ball python skeleton (D:4)
  8 bats
  6 frilled lizards
  9 kobolds
  A leopard gecko skeleton (D:5)
  2 leopard gecko zombies
  2 quokka skeletons (D:4)
  10 rats
  4 plants (D:1)
174 creatures vanquished.

Notes
Turn   | Place    | Note
-------+----------+-------------------------------------------
     0 | D:1      | Jazzman the Minotaur Fighter began the quest for the Orb.
     0 | D:1      | Reached XP level 1. HP: 19/19 MP: 0/0
   406 | D:1      | Reached XP level 2. HP: 19/27 MP: 1/1
   823 | D:2      | Reached XP level 3. HP: 27/33 MP: 2/2
  1615 | D:3      | Reached skill level 1 in Stealth
  1849 | D:3      | Reached XP level 4. HP: 35/40 MP: 3/3
  2263 | D:3      | Noticed Robin
  2274 | D:3      | Reached XP level 5. HP: 47/47 MP: 4/4
  2289 | D:3      | Killed Robin
  2832 | D:4      | Found a burning altar of Makhleb.
  2852 | D:4      | Became a worshipper of Makhleb the Destroyer
  3112 | D:4      | Reached skill level 5 in Long Blades
  3259 | D:4      | Reached skill level 1 in Dodging
  3259 | D:4      | Reached XP level 6. HP: 53/53 MP: 5/5
  3530 | D:4      | Found a sparkling altar of Nemelex Xobeh.
  3531 | D:4      | Found an ornate altar of the Wu Jian Council.
  3802 | D:5      | Entered Level 5 of the Dungeon
  4181 | D:5      | Reached skill level 5 in Fighting
  4182 | D:5      | Reached skill level 1 in Maces & Flails
  4207 | D:5      | Reached * piety under Makhleb
  4250 | D:5      | Reached skill level 5 in Armour
  4270 | D:5      | Noticed a sky beast
  4309 | D:4      | Killed a sky beast
  4309 | D:4      | Reached skill level 2 in Maces & Flails
  4309 | D:4      | Reached XP level 7. HP: 14/61 MP: 6/6
  4698 | D:5      | Found a shadowy altar of Dithmenos.
  4734 | D:5      | Reached skill level 3 in Maces & Flails
  4734 | D:5      | Reached skill level 5 in Shields
  4799 | D:5      | Reached skill level 4 in Maces & Flails
  4821 | D:5      | Noticed Grinder
  4826 | D:5      | Paralysed by Grinder for 7 turns
  4837 | D:5      | Killed Grinder
  4837 | D:5      | Reached skill level 5 in Maces & Flails
  5000 | D:5      | Reached XP level 8. HP: 60/70 MP: 7/7
  5431 | D:5      | Found a staircase to the Ecumenical Temple.
  5867 | D:6      | Reached skill level 6 in Maces & Flails
  6528 | D:7      | Found a sparkling altar of Nemelex Xobeh.
  6684 | D:6      | Reached skill level 7 in Maces & Flails
  7197 | D:7      | Reached XP level 9. HP: 78/78 MP: 8/8
  7224 | D:7      | Reached skill level 8 in Maces & Flails
  7279 | D:7      | Reached ** piety under Makhleb
  7522 | D:8      | You fall through a shaft for 3 floors!
  7547 | D:11     | Noticed a troll
  7556 | D:11     | Killed a troll
  7639 | D:11     | Noticed a gargoyle
  7648 | D:11     | Killed from afar by a gargoyle

Skill      XL: |  1  2  3  4  5  6  7  8  9 |
---------------+----------------------------+-----
Fighting       | 4 5 6 |  6.8
Armour         | 4 5 6 7 |  7.5
Shields        | 4 5 6 |  6.6
Long Blades    | 3 4 5 |  5.2
Stealth        | 1 2 |  2.0
Dodging        | 1 |  1.6
Maces & Flails | 2 5 7 8 |  8.3

Action                   |  1- 3 |  4- 6 |  7- 9 || total
-------------------------+-------+-------+-------++-------
Melee: Long sword        |   196 |   125 |       ||   321
       Headbutt          |    41 |    32 |    42 ||   115
       Mace              |       |    75 |   225 ||   300
  Use: Scroll            |     8 |     1 |     8 ||    17
       Potion            |       |     2 |       ||     2
  Eat: Chunk             |     1 |     2 |     1 ||     4
       Ration            |     1 |     2 |     2 ||     5
Armor: Scale mail        |    51 |       |       ||    51
       Chain mail        |    32 |    46 |       ||    78
       Plate armour      |       |   105 |   124 ||   229
Dodge: Dodged            |    38 |    55 |    55 ||   148
Block: Shield            |    73 |   120 |   140 ||   333
       Rpst.: Long sword |    10 |     8 |       ||    18
